 Dungeon Crawl Stone Soup version 0.29.0-5-ge4962eb29e (webtiles) character file.

Game seed: 1024492326508745962

2436 Anothat the Ruffian (level 9, 0/89 HPs)
             Began as a Troll Monk on Aug 28, 2022.
             Was a Priest of Ru.
             Slain by a gnoll
             ... wielding a +0 halberd
             ... led by a gnoll sergeant
              (11 damage)
             ... on level 7 of the Dungeon.
             The game lasted 00:17:43 (5472 turns).

Anothat the Ruffian (Troll Monk)                    Turns: 5472, Time: 00:17:44

Health: 0/89       AC:  4    Str: 25    XL:     9   Next: 24%
Magic:  8/8        EV: 11    Int:  6    God:    Ru [***...]
Gold:   1440       SH:  0    Dex: 12    Spells: 8/8 levels left

rFire   . . .      SeeInvis .     - Unarmed
rCold   . . .      Faith    .   (no shield)
rNeg    . . .      Spirit   .   a - +0 robe
rPois   .          Reflect  .   (helmet restricted)
rElec   .          Harm     .   (no cloak)
rCorr   .          Rampage  .   (gloves unavailable)
Will    .....                   (boots unavailable)
Stlth   ++........              (no amulet)
HPRegen 1.04/turn               (no ring)
MPRegen 0.11/turn               (no ring)

@: no status effects
A: large, unfitting armour, claws 3, regeneration 1, shaggy fur 1, tough skin 1,
inability to use devices, hated by all
a: Renounce Religion, Draw Out Power


You were on level 7 of the Dungeon.
You worshipped Ru.
Ru was most pleased with you.
You visited 2 branches of the dungeon, and saw 8 of its levels.
You also visited: Ossuary.

You collected 1440 gold pieces.

Inventory:

Armour
 a - a +0 robe (worn)
 d - a +0 kite shield
 y - a +0 cloak
Jewellery
 h - an amulet of reflection
 v - a ring of positive energy
Wands
 l - a wand of iceblast (5)
 q - a wand of flame (11)
Scrolls
 c - 3 scrolls of blinking
 e - 2 scrolls of identify
 j - 2 scrolls of teleportation
 k - 4 scrolls of noise
 u - a scroll of fear
 x - a scroll of enchant weapon
Potions
 g - a potion of might
 m - 2 potions of brilliance
 n - 2 potions of flight
 p - a potion of mutation


   Skills:
 + Level 5.7 Fighting
 + Level 5.7 Dodging
 - Level 3.6 Stealth
 * Level 7.4 Unarmed Combat


You had 8 spell levels left.
You didn't know any spells.
Your spell library contained the following spells:

 Spells                   Type           Power      Damage    Failure   Level
 Sandblast                Erth           0%         2d4       45%         1


Dungeon Overview and Level Annotations

Branches:
Dungeon (7/15)             Temple (1/1) D:5         Ossuary (visited)

Altars:
Ashenzari
Cheibriados
Dithmenos
Elyvilon
Gozag
Makhleb
Nemelex Xobeh
Okawaru
Qazlal
Ru
Sif Muna
Vehumet
Xom
The Shining One


Innate Abilities, Weirdness & Mutations

You are too large for most types of armour.
You have claws for hands.
Your natural rate of healing is unusually fast.
You are covered in fur. (AC +1)
You have tough skin. (AC +1)
You cannot study or use magical devices.
You are hated by all.


Message History

The gnoll sergeant closely misses you. The gnoll closely misses you.
The gnoll sergeant hits you from afar with a +2 spear of flaming.
The gnoll sergeant burns you.
Items here: )))) [[[[.
The gnoll closely misses you.
The gnoll sergeant hits you with a +2 spear of flaming!
The gnoll sergeant burns you. The gnoll closely misses you.
The gnoll hits you from afar with a +0 spear.
Items here: )))) [[[[.
You scratch the gnoll.
The gnoll is lightly wounded.
The gnoll sergeant hits you with a +2 spear of flaming!
The gnoll sergeant burns you. The gnoll hits you with a +0 halberd!
The gnoll misses you.
You claw the gnoll sergeant!
The gnoll sergeant is almost dead.
The gnoll sergeant hits you with a +2 spear of flaming!
The gnoll sergeant burns you.
* * * LOW HITPOINT WARNING * * *
The gnoll closely misses you.
The gnoll hits you from afar with a +0 spear!
* * * LOW HITPOINT WARNING * * *
Okay, then.
You barely miss the gnoll sergeant.
The gnoll sergeant is almost dead.
The gnoll sergeant misses you. The gnoll barely misses you.
The gnoll hits you but does no damage.
You barely miss the gnoll sergeant.
The gnoll sergeant is almost dead.
You closely miss the gnoll sergeant.
The gnoll sergeant is almost dead.
The gnoll sergeant hits you with a +2 spear of flaming!
* * * LOW HITPOINT WARNING * * *
The gnoll sergeant burns you.
* * * LOW HITPOINT WARNING * * *
The gnoll barely misses you. The gnoll misses you.
You claw the gnoll sergeant!
You kill the gnoll sergeant!
The gnoll barely misses you. The gnoll hits you with a +0 halberd!
You die...

#.# ##.# #..# #..#
##..#### ##......##### ##
...##....)..##### ##..#
.#.#######.....)######...#
##.# #####..@ggg...# ###
###...###g..### ##.....#
##..# ##......# ##)##
#.......# #g.### #.....)##
#.g..### #......#
##......## #.....##
#........## #>....
##.........#


You could see 4 gnolls.

Vanquished Creatures
  Pikel (D:7)
  Grinder (D:5)
  Menkaure (D:7)
  A water moccasin (D:6)
  A black bear (D:6)
  A centaur (D:5)
  A phantom (D:6)
  3 lemures (D:7)
  A bullfrog (D:6)
  A necrophage (D:4)
  A gnoll sergeant (D:7)
  2 scorpions
  5 wights (D:7)
  A jelly (D:5)
  2 orc priests (D:6)
  3 hounds
  Jessica (D:3)
  A gnoll bouda (D:6)
  Natasha (D:4)
  5 iguanas
  6 orc wizards
  2 mummies
  5 adders
  4 gnolls
  A river rat (D:6)
  A white imp (D:7)
  An ufetubus (D:5)
  A worm (D:5)
  4 dart slugs
  13 orcs
  A spectral bat (Ossuary)
  4 ball pythons
  5 endoplasms
  8 giant cockroaches
  8 goblins
  9 hobgoblins
  6 kobolds
  5 quokkas
  3 bats
  4 bat simulacra (Ossuary)
  A frilled lizard (D:3)
  12 gnoll zombies (Ossuary)
  4 goblin simulacra (Ossuary)
  4 goblin zombies (Ossuary)
  7 hobgoblin zombies
  3 kobold simulacra (Ossuary)
  4 kobold zombies (Ossuary)
  5 orc zombies
  5 rats
  7 rat simulacra (Ossuary)
  4 spectral goblins (Ossuary)
  4 spectral kobolds (Ossuary)
  3 spectral rats (Ossuary)
188 creatures vanquished.

Vanquished Creatures (others)
  An orc wizard (D:6)
  A fungus (D:2)
2 creatures vanquished.

Grand Total: 190 creatures vanquished

Notes
Turn   | Place    | Note
-------+----------+-------------------------------------------
     0 | D:1      | Anothat the Troll Monk began the quest for the Orb.
     0 | D:1      | Reached XP level 1. HP: 22/22 MP: 0/0
    85 | D:1      | Reached XP level 2. HP: 29/29 MP: 1/1
   425 | D:1      | Reached XP level 3. HP: 36/36 MP: 2/2
   969 | D:2      | Found a faded altar of an unknown god.
   987 | D:2      | Got Plato's Discursus on the Mountains
  1343 | D:3      | Reached XP level 4. HP: 44/44 MP: 3/3
  1547 | D:3      | Noticed Jessica
  1551 | D:3      | Killed Jessica
  2146 | D:4      | Reached XP level 5. HP: 46/53 MP: 4/4
  2257 | D:4      | Reached skill level 4 in Unarmed Combat
  2407 | D:4      | Noticed Natasha
  2416 | D:4      | Killed Natasha
  2417 | D:4      | Reached XP level 6. HP: 61/61 MP: 5/5
  2529 | D:5      | Entered Level 5 of the Dungeon
  2776 | D:5      | Reached XP level 7. HP: 68/68 MP: 6/6
  2887 | D:5      | Noticed Grinder
  2889 | D:5      | Paralysed by Grinder for 3 turns
  2895 | D:5      | Killed Grinder
  2896 | D:5      | Reached skill level 5 in Unarmed Combat
  2988 | D:5      | Found a staircase to the Ecumenical Temple.
  2995 | Temple   | Entered the Ecumenical Temple
  3254 | Temple   | Became a worshipper of Ru the Awakened
  3263 | Temple   | Gained mutation: You cannot study or use magical devices.
                  | [Ru sacrifice]
  3263 | Temple   | Reached * piety under Ru
  3263 | Temple   | Reached ** piety under Ru
  3552 | D:6      | Reached XP level 8. HP: 24/79 MP: 7/7
  3558 | D:6      | HP: 3/79 [gnoll/+0 club[a gnoll bouda] (8)]
  3729 | D:6      | Found a sand-covered staircase.
  3738 | Ossuary  | Entered an ossuary
  4446 | D:6      | Reached skill level 5 in Fighting
  4446 | D:6      | Reached skill level 6 in Unarmed Combat
  4463 | D:6      | Reached skill level 5 in Dodging
  4839 | D:6      | Identified a scroll of acquirement
  4839 | D:6      | Acquired 1066 gold pieces
  5085 | D:7      | Noticed Menkaure
  5203 | D:7      | Killed Menkaure
  5260 | D:7      | Noticed Pikel
  5335 | D:7      | Killed Pikel
  5336 | D:7      | Reached skill level 7 in Unarmed Combat
  5336 | D:7      | Reached XP level 9. HP: 30/88 MP: 8/8
  5407 | D:7      | Gained mutation: You are hated by all. [Ru sacrifice]
  5407 | D:7      | Reached *** piety under Ru
  5472 | D:7      | Slain by a gnoll

Illustrated notes

Levels and vault maps discovered:
D:1:      lightli_arrival_noodles, layout_basic, minmay_misc_feat_iff
D:2:      layout_rooms, shapermc_ecumenical_altar_rom_forum, chequers_garden
D:3:      layout_basic, uniq_jessica
D:4:      layout_basic, grunt_ministairs_2, uniq_natasha
D:5:      layout_loops_ring, temple_green, dreamdust_mushroom_princess,
          uniq_grinder
D:6:      cheibrodos_quashed, layout_basic, gup_sewer_entry_bubbles,
          nicolae_ossuary_entry_giza
D:7:      layout_cave_pods, serial_shops, nicolae_shop_waterfront,
          uniq_menkaure, uniq_pikel
Temple:   nicolae_temple_elliptical

Skill      XL: |  1  2  3  4  5  6  7  8 |
---------------+-------------------------+-----
Fighting       | 3 4 5 |  5.7
Dodging        | 3 4 5 |  5.7
Unarmed Combat | 4 5 7 |  7.4
Stealth        | 2 3 |  3.6

Action                   |  1- 3 |  4- 6 |  7- 9 || total
-------------------------+-------+-------+-------++-------
Melee: Unarmed           |   105 |    95 |   314 ||   514
       Punch             |       |     3 |     3 ||     6
Invok: Sacrifice Artific |       |       |     1 ||     1
       Sacrifice Love    |       |       |     1 ||     1
  Use: Scroll            |       |       |    13 ||    13
       Potion            |       |       |    11 ||    11
 Stab: Sleeping          |     2 |     3 |    12 ||    17
       Invisible         |       |       |     2 ||     2
       Distracted        |       |       |     1 ||     1
Armor: Robe              |    30 |    21 |    81 ||   132
       Skin              |       |       |    23 ||    23
Dodge: Dodged            |    45 |    44 |   160 ||   249
